 Dungeon Crawl Stone Soup version 0.25.0-46-gbd7b0854d2 (webtiles) character file.

Game seed: 1554035211252490052

3231 remorse the Spear-Bearer (level 10, -4/80 HPs)
             Began as a Formicid Abyssal Knight on July 15, 2020.
             Was an Elder of Lugonu.
             Slain by an ogre
             ... wielding a +0 giant spiked club
              (25 damage)
             ... on level 8 of the Dungeon.
             The game lasted 00:23:57 (11062 turns).

remorse the Spear-Bearer (Formicid Abyssal Knight) Turns: 11062, Time: 00:23:57

Health: -4/80      AC: 12    Str: 19    XL:     10   Next: 18%
Magic:  13/13      EV:  6    Int: 13    God:    Lugonu [****..]
Gold:   2770       SH:  0    Dex: 10    Spells: 9/9 levels left

rFire    . . .     SeeInvis +   O - +2 battleaxe (elec)
rCold    . . .     Gourm    .   (no shield)
rNeg     + . .     Faith    .   b - +0 plate armour
rPois    .         Spirit   .   (helmet unavailable)
rElec    .         Reflect  .   (no cloak)
rCorr    .         Harm     .   (no gloves)
MR       +....                  (no boots)
Stlth    ..........             (no amulet)
HPRegen  0.23/turn              N - +4 ring of slaying
MPRegen  0.13/turn              u - ring of positive energy

@: no status effects
A: permanent stasis, dig shafts and tunnels, four strong arms, antennae 3
a: Dig, Shaft Self, Depart the Abyss, Bend Space, Banish, Corrupt, Renounce
Religion


You were on level 8 of the Dungeon.
You worshipped Lugonu.
Lugonu was greatly pleased with you.
You were not hungry.

You visited 1 branch of the dungeon, and saw 8 of its levels.
You visited the Abyss 2 times.
You also visited: Ossuary.

You collected 4883 gold pieces.
You spent 2113 gold pieces at shops.

Inventory:

Hand Weapons
 a - a +1 trident
 k - a +1 spear
 r - a +3 flail of protection
 t - a +0 bardiche
 v - a +1 flail of distortion
 O - a +2 battleaxe of electrocution (weapon)
Missiles
 l - a curare-tipped dart
 M - 6 boomerangs (quivered)
Armour
 b - a +0 plate armour (worn)
 y - a +2 robe of fire resistance
Magical Staves
 i - an uncursed staff of earth {unknown}
 K - an uncursed staff of fire {unknown}
Jewellery
 u - a ring of positive energy (right hand)
 w - an uncursed ring of protection from fire
 A - an uncursed ring of protection from cold
 C - an uncursed ring of protection from fire
 N - a +4 ring of slaying (left hand)
Wands
 f - a wand of flame (44)
 q - a wand of iceblast (7)
 x - a wand of polymorph (11)
 L - a wand of acid (8)
 P - a wand of disintegration (10)
Scrolls
 e - 2 scrolls of magic mapping
 h - 5 scrolls of remove curse
 m - 6 scrolls of fog
 p - a scroll of immolation
 s - 2 scrolls of enchant weapon
 z - 2 scrolls of amnesia {unknown}
 B - a scroll of fear {unknown}
 J - a scroll of holy word {unknown}
Potions
 d - 9 potions of curing
 g - 2 potions of brilliance
 j - 2 potions of heal wounds
 n - 2 potions of lignification
 o - 2 potions of berserk rage {unknown}
 D - a potion of might
 E - a potion of flight
 F - a potion of ambrosia
 G - a potion of stabbing
 H - a potion of resistance
 I - a potion of mutation
Comestibles
 c - 14 rations
 Q - 2 chunks of flesh


   Skills:
 + Level 7.9 Fighting
 * Level 3.1(6.8) Axes
 - Level 9.5(9.7) Polearms
 + Level 6.5 Armour
 - Level 0.8 Dodging
 * Level 4.8 Invocations


You had 9 spell levels left.
You didn't know any spells.
Your spell library was empty.

Dungeon Overview and Level Annotations

Branches:
Dungeon (8/15)             Temple (0/1) D:6         Ossuary (visited)
   Lair: D:8-11

Altars:
Cheibriados
Okawaru
The Shining One

Shops:
D:6 (?*   D:7 **!}?

Annotations:
D:4 exclusion: downstairs
D:6 1 runed translucent door, wullow's ghost, novice MfVM
D:7 2 transporters


Innate Abilities, Weirdness & Mutations

You cannot be hasted, slowed, berserked, paralysed or teleported.
You can dig through walls and to a lower floor.
Your four strong arms can wield two-handed weapons with a shield.
You have a pair of large antennae on your head. (SInv)


Message History

You are too injured to fight recklessly!
Unknown command.
You hit the wyvern but do no damage. Lightning courses through the wyvern!
You kill the wyvern!
Lugonu accepts your kill.
Your base Axes skill increases to level 3!
You slash the ogre!
The ogre hits you with a +0 giant spiked club!
Your plate armour prevents you from hitting the ogre.
The ogre is almost dead.
The ogre hits you with a +0 giant spiked club.
* * * LOW HITPOINT WARNING * * *
You hit the ogre.
The ogre is almost dead.
The ogre hits you with a +0 giant spiked club.
* * * LOW HITPOINT WARNING * * *
You completely miss the ogre.
The ogre is almost dead.
The ogre hits you with a +0 giant spiked club!!
You die...

.'....# .#....#
.#....# . ##....# ..
#....# ... #....#
######## .... #....#
#......# ..... ####.#
#......#......
###.#####.....@†......
#.......'.....)O....!.
#.....###........!....
#.....# #...........^.
#..÷..# #.............
#.....# #.?../.##.####
#...### ######## .#
#...# .# #...#


You could see an ogre.

Vanquished Creatures
  Pikel (D:7)
  A wyvern (D:8)
  Menkaure (D:6)
  Edmund (D:6)
  A sky beast (D:7)
  A slave (D:7)
  2 ice beasts
  2 phantoms (D:5)
  An ogre (D:4)
  2 centaurs (D:8)
  A big kobold (D:5)
  2 bullfrogs
  A wyvern skeleton (D:6)
  5 scorpions
  2 howler monkeys
  A crimson imp (D:5)
  A centaur zombie (D:8)
  2 bullfrog zombies
  2 hounds
  An orc priest (D:8)
  A centaur skeleton (D:5)
  2 iguanas
  Natasha (twice) (D:3)
  Terence (D:3)
  8 orc wizards
  2 worker ants
  A big kobold zombie (Ossuary)
  A hound zombie (D:7)
  8 mummies (Ossuary)
  2 hound skeletons
  A worker ant zombie (D:7)
  Robin (D:2)
  11 adders
  An adder zombie (D:6)
  2 adder skeletons (D:4)
  2 worms
  2 dart slugs
  5 leopard geckos
  36 orcs
  3 bats (D:1)
  9 giant cockroaches
  11 goblins
  9 hobgoblins
  2 jackals (D:7)
  5 quokkas
  3 ball pythons
  3 frilled lizards
  A jackal zombie (D:5)
  18 kobolds
  3 kobold zombies (Ossuary)
  A leopard gecko skeleton (D:5)
  4 orc zombies (Ossuary)
  A quokka skeleton (D:6)
  8 rats
201 creatures vanquished.

Vanquished Creatures (others)
  A phantom (D:7)
  A worker ant (D:7)
2 creatures vanquished.

Grand Total: 203 creatures vanquished

Notes
Turn   | Place    | Note
-------+----------+-------------------------------------------
     0 | Abyss:1  | remorse the Formicid Abyssal Knight began the quest for the
                  | Orb.
     0 | Abyss:1  | Reached XP level 1. HP: 18/18 MP: 2/2
    55 | Abyss:1  | Noticed a large abomination
    59 | Abyss:1  | Noticed an ice devil
    76 | Abyss:2  | Noticed an anaconda simulacrum
    82 | D:1      | Escaped the Abyss
   147 | D:1      | Reached * piety under Lugonu
   324 | D:1      | Reached XP level 2. HP: 25/25 MP: 3/3
   930 | D:1      | Reached XP level 3. HP: 29/30 MP: 4/4
  1450 | D:2      | Noticed Robin
  1534 | D:2      | Reached ** piety under Lugonu
  1576 | D:2      | Killed Robin
  1576 | D:2      | Reached XP level 4. HP: 8/38 MP: 5/5
  1901 | D:2      | Reached skill level 3 in Polearms
  2932 | D:3      | Reached XP level 5. HP: 29/43 MP: 6/6
  3067 | D:3      | Reached skill level 5 in Fighting
  3279 | D:3      | Noticed Terence
  3296 | D:3      | Killed Terence
  3296 | D:3      | Reached skill level 4 in Polearms
  3650 | D:3      | Noticed Natasha
  3659 | D:3      | Killed Natasha
  3659 | D:3      | Reached XP level 6. HP: 4/51 MP: 7/7
  4469 | D:3      | Noticed Natasha
  4487 | D:3      | Killed Natasha
  5015 | D:4      | Reached skill level 5 in Polearms
  5119 | D:4      | Reached *** piety under Lugonu
  5119 | D:4      | Reached XP level 7. HP: 57/57 MP: 8/8
  5558 | D:4      | Found an iron altar of Okawaru.
  5735 | D:5      | Entered Level 5 of the Dungeon
  5973 | D:4      | Reached skill level 6 in Polearms
  6305 | D:5      | Found a snail-covered altar of Cheibriados.
  6457 | D:5      | Reached XP level 8. HP: 49/64 MP: 9/9
  6918 | D:5      | Reached skill level 7 in Polearms
  7365 | D:6      | Noticed Menkaure
  7383 | D:6      | Killed Menkaure
  7388 | D:6      | Reached **** piety under Lugonu
  7401 | D:6      | Reached skill level 8 in Polearms
  7429 | D:6      | Reached XP level 9. HP: 29/72 MP: 10/10
  7597 | D:6      | Found a sand-covered staircase.
  7622 | Ossuary  | Entered an ossuary
  8235 | D:6      | Found a staircase to the Ecumenical Temple.
  8323 | D:6      | Noticed Edmund
  8332 | D:6      | Cast into level 1 of the Abyss (Edmund)
  8333 | D:6      | Escaped the Abyss
  8337 | D:6      | Killed Edmund
  8337 | D:6      | Reached skill level 5 in Armour
  8734 | D:6      | Found Iddawe Poef's Magic Scroll Boutique.
  8928 | D:6      | Found Foyxt's Assorted Antiques.
  8988 | D:6      | Reached skill level 9 in Polearms
  9067 | D:6      | Found a runed translucent door.
  9069 | D:6      | Noticed wullow's ghost (novice MfVM)
  9157 | D:6      | Found a glowing golden altar of the Shining One.
  9180 | D:6      | Found Ohuequng's Antique Weapon Shop.
  9253 | D:6      | Bought a scroll of acquirement for 572 gold pieces
  9253 | D:6      | Acquired 4150 gold pieces
  9259 | D:6      | Bought a scroll of identify for 22 gold pieces
  9259 | D:6      | Bought a scroll of identify for 22 gold pieces
  9259 | D:6      | Bought a scroll of identify for 22 gold pieces
  9272 | D:6      | Bought a silver wand for 108 gold pieces
  9468 | D:7      | Found Axoh's Distillery.
  9497 | D:7      | Bought a potion of resistance for 140 gold pieces
  9497 | D:7      | Bought 2 potions of curing for 84 gold pieces
  9497 | D:7      | Bought a potion of heal wounds for 70 gold pieces
  9497 | D:7      | Bought a potion of mutation for 112 gold pieces
  9516 | D:7      | Found a transporter.
  9550 | D:7      | Noticed an ancient zyme
  9578 | D:7      | Noticed Pikel
  9586 | D:7      | Found a transporter.
  9614 | D:7      | Killed Pikel
  9752 | D:7      | Found Cedweuj's Gadget Emporium.
  9759 | D:7      | Bought a wand of iceblast (7) for 154 gold pieces
  9759 | D:7      | Bought a wand of acid (8) for 336 gold pieces
 10209 | D:7      | Found Magan's Magic Scroll Shop.
 10214 | D:7      | Bought a scroll of identify for 28 gold pieces
 10485 | D:7      | Found Veiq's Assorted Antiques.
 10488 | D:7      | Bought a twisted copper ring for 105 gold pieces
 10559 | D:7      | Found Biteoss's General Store.
 10565 | D:7      | Bought a +2 battleaxe of electrocution for 338 gold pieces
 10673 | D:8      | Reached XP level 10. HP: 69/80 MP: 13/13
 10688 | D:8      | Reached skill level 1 in Axes
 11062 | D:8      | Slain by an ogre

Illustrated notes

Levels and vault maps discovered:
D:1:      lightli_arrival_lavapool, layout_basic
D:2:      layout_loops_ring, lexackson_kobold_supper, uniq_robin
D:3:      layout_loops_corners, kennysheep_potato, uniq_terence, uniq_natasha
D:4:      layout_loops_cross, okawaru_ov_weapons_minmay
D:5:      layout_basic, first_ration, kennysheep_slug_shrine
D:6:      layout_loops_cross, temple_green, serial_shops, shop,
          nicolae_shop_waterfront, nicolae_shop_crystal,
          ebering_ghost_reflecting_pool, chequers_ossuary_entry_cave,
          grunt_decor_resistance, nicolae_tso_swordbearing_angel, uniq_menkaure,
          uniq_edmund
D:7:      layout_loops_cross, serial_shops, kennysheep_mini_moat, shop, shop,
          kennysheep_mini, kennysheep_little_box,
          gammafunk_ghost_abyssal_escape, uniq_pikel
D:8:      layout_basic, eat_drink_and_be_merry_uskayaw, uniq_gastronok

Skill      XL: |  1  2  3  4  5  6  7  8  9 10 |
---------------+-------------------------------+-----
Fighting       | 4 5 6 7 |  7.9
Polearms       | 3 4 5 6 8 9 |  9.5
Armour         | 3 4 6 |  6.5
Invocations    | 4 |  4.8
Axes           | 3 |  3.1
Dodging        | |  0.8

Action                   |  1- 3 |  4- 6 |  7- 9 | 10-12 || total
-------------------------+-------+-------+-------+-------++-------
Melee: Spear             |   170 |     5 |       |       ||   175
       Trident           |       |   189 |   570 |       ||   759
       Flail             |       |    42 |       |       ||    42
       Battleaxe         |       |       |     8 |    36 ||    44
Throw: Dart              |     3 |     7 |     3 |       ||    13
Invok: Depart the Abyss  |     1 |       |     1 |       ||     2
       Bend Space        |       |       |     2 |       ||     2
 Abil: Dig               |       |     2 |     1 |       ||     3
  Use: Potion            |       |       |     1 |       ||     1
       Scroll            |       |       |    14 |       ||    14
  Eat: Chunk             |     2 |    12 |    16 |       ||    30
       Ration            |       |       |     1 |       ||     1
Armor: Leather armour    |    30 |    26 |       |       ||    56
       Plate armour      |       |    29 |   275 |    19 ||   323
       Chain mail        |       |     4 |       |       ||     4
       Skin              |       |       |    26 |       ||    26
Dodge: Dodged            |    73 |   110 |   105 |    13 ||   301
